Map: Ascension to Aiur LE

Players

Julles - Winner!

  • Race: Terran Terran
  • League: Diamond
  • Spawn Location: 5:00

A.I. 1 (Easy)

  • Race: Zerg Zerg
  • Spawn Location: 11:00

VOD

Have the link to the VOD?

Description

Time

  • Played on: Aug. 20, 2017, 5:31 p.m.
  • Length: 8:29
Show
View Real Time Build Order
Export as new Build Order

Julles Terran - Winner!

Build Orders: MMM Bio 

Get SALT Encoding   

  12  0:01  SCV  
  13  0:13  SCV  
  14  0:17  Supply Depot  
  14  0:25  SCV  
  15  0:39  SCV  
  15  0:40  Barracks  
  16  0:45  Refinery  
  16  0:51  SCV  
  17  1:03  SCV  
  18  1:15  SCV  
  19  1:27  Orbital Command  
  19  1:29  Barracks Reactor  
  19  1:42  Command Center  
  19  1:52  Barracks  
  19  1:58  SCV  
  20  2:05  Marine  
  20  2:06  Marine  
  22  2:09  Supply Depot  
  22  2:12  SCV  
  23  2:25  Barracks  
  23  2:30  SCV  
  23  2:34  Marine x2  
  26  2:39  Barracks Tech Lab  
  26  2:43  SCV  
  27  2:46  Engineering Bay  
  27  2:52  Marine x2  
  27  2:55  SCV  
  30  3:00  Orbital Command  
  30  3:04  Combat Shields  
  30  3:08  SCV  
  30  3:09  Marine  
  30  3:12  Marine  
  33  3:14  Marine  
  33  3:17  Marine  
  35  3:22  Terran Infantry Weapons Level 1  
  35  3:23  SCV  
  36  3:27  SCV  
  36  3:29  Marine  
  38  3:36  Marine x2  
  38  3:37  Supply Depot  
  38  3:38  Marine  
  38  3:41  SCV  
  42  3:43  SCV  
  42  3:47  Marine  
  44  3:53  SCV  
  44  3:54  Marine  
  46  3:59  Supply Depot, SCV, Marine x2  
  49  4:05  SCV, Marine  
  51  4:11  Marine  
  51  4:15  SCV  
  51  4:17  Marine  
  53  4:21  SCV, Marine  
  53  4:23  Marine  
  57  4:26  Factory  
  57  4:27  Refinery, SCV  
  58  4:33  SCV  
  58  4:37  Supply Depot, Marine x2  
  58  4:38  Supply Depot  
  61  4:40  Barracks Reactor  
  61  4:42  SCV  
  62  4:59  SCV x2  
  64  5:03  Command Center  
  64  5:08  Marine  
  64  5:09  Marine x2  
  64  5:11  SCV x2  
  67  5:16  Terran Infantry Armor Level 1  
  67  5:21  Starport  
  67  5:23  SCV  
  67  5:26  SCV  
  68  5:28  Refinery  
  68  5:29  Refinery  
  68  5:30  Supply Depot x2  
  68  5:31  Marine x4  
  68  5:35  SCV  
  72  5:38  SCV  
  72  5:42  Marine  
  74  5:43  Supply Depot  
  74  5:44  Factory Reactor, Supply Depot  
  74  5:47  SCV  
  74  5:49  Marine  
  76  5:52  Armory  
  76  5:54  Engineering Bay  
  76  5:56  SCV  
  77  5:59  SCV  
  77  6:03  Marine x3  
  80  6:11  Stimpack  
  80  6:14  SCV x2, Marine  
  80  6:15  Orbital Command, Marine  
  84  6:21  Marine x2  
  84  6:23  Marine  
  87  6:26  SCV  
  87  6:28  Factory Reactor  
  87  6:30  Medivac x2, SCV  
  87  6:32  Marine x2  
  95  6:44  SCV  
  96  6:48  Supply Depot  
  96  6:49  Supply Depot, SCV  
  96  6:51  Orbital Command  
  98  6:56  SCV, Marine x3  
  98  7:00  Medivac, Barracks  
  103  7:02  Medivac  
  103  7:03  SCV  
  106  7:15  Barracks  
  106  7:17  Marine  
  106  7:18  Marine x2  
  106  7:21  SCV x2, Marine  
  106  7:27  Marine  
  106  7:29  Medivac  
  106  7:32  Supply Depot  
  106  7:33  Medivac, SCV  
  106  7:34  SCV x2  
  106  7:35  Marine  
  106  7:39  Supply Depot  
  106  7:47  Marine x2  
  106  7:48  Hellbat  
  106  7:49  Hellbat, SCV x2  
  106  7:51  Barracks Reactor  
  106  7:55  SCV  
  106  7:58  Marine x3  
  106  8:01  SCV  
  106  8:03  SCV  
  106  8:05  Marine x2  
  106  8:07  SCV  
  106  8:09  Barracks Tech Lab  
  106  8:10  Barracks Reactor  
  106  8:23  Command Center  
Show
View Real Time Build Order
Export as new Build Order

A.I. 1 (Easy) Zerg 

Build Orders: Pool Only 

Get SALT Encoding   

  12  0:01  Drone  
  13  0:12  Overlord  
  13  0:17  Drone  
  14  0:30  Drone  
  14  0:34  Drone  
  16  0:42  Spawning Pool  
  15  0:45  Drone  
  15  0:49  Extractor  
  15  0:52  Drone  
  16  1:00  Overlord  
  16  1:30  Zergling x2  
  16  1:32  Queen  
  19  1:33  Roach Warren  
  19  1:34  Extractor  
  19  1:37  Drone  
  18  1:42  Drone  
  19  1:53  Zergling x2  
  20  2:06  Overlord  
  20  2:16  Roach  
  22  2:34  Drone  
  23  2:39  Roach  
  23  2:40  Drone  
  26  2:50  Overlord  
  26  2:55  Drone  
  27  2:59  Drone  
  27  3:01  Roach  
  30  3:09  Drone  
  31  3:13  Drone  
  32  3:24  Roach  
  34  3:47  Roach  
  36  5:11  Zergling x2  
  27  5:23  Overlord  
  27  5:26  Roach  
  24  5:40  Roach Warren  
  24  5:41  Overlord, Drone  
  26  5:48  Zergling x2  
  22  5:59  Overlord, Drone  
  22  6:04  Drone  
  19  6:17  Drone  
  19  6:18  Overlord  
  13  6:21  Roach  
  13  6:22  Drone  
  16  6:26  Drone  
Tags
 
Composition
MMM Bio
League
Diamond
Matchup
TvZ
Opening
Pool Only
Spawn Locations
Cross Positions
Add a new tag
Caveats
  • Supply blocks, unpowered buildings, or Contaminate may cause inaccurate times.
  • Supply counts are checked every 10 seconds.